 Dungeon Crawl Stone Soup version 0.25-a0-861-g340c9e8194 (webtiles) character file.

Game seed: 4786632461576938062, levelgen mode: deterministic

46 tilp the Bolt Thrower (level 3, 0/20 HPs)
             Began as a Kobold Arcane Marksman on Apr 29, 2020.
             Killed from afar by Natasha (7 damage)
             ... with a magic dart
             ... on level 2 of the Dungeon.
             The game lasted 00:03:48 (1403 turns).

tilp the Bolt Thrower (Kobold Arcane Marksman)      Turns: 1403, Time: 00:03:49

Health: 0/20       AC:  2    Str:  8    XL:     3   Next: 92%
Magic:  3/4        EV: 15    Int: 14    God:
Gold:   66         SH:  0    Dex: 15    Spells: 3/4 levels left

rFire    . . .     SeeInvis .   a - +0 hand crossbow
rCold    . . .     Gourm    .   (shield restricted)
rNeg     . . .     Faith    .   e - +0 robe
rPois    .         Spirit   .   (no helmet)
rElec    .         Reflect  .   (no cloak)
rCorr    .         Harm     .   (no gloves)
MR       .....                  (no boots)
Stlth    +.........             (no amulet)
HPRegen  0.06/turn              (no ring)
MPRegen  0.09/turn              (no ring)

@: slowed, very slow
A: small, carnivore
a: no special abilities


You were on level 2 of the Dungeon.
You were completely stuffed.

You visited 1 branch of the dungeon, and saw 2 of its levels.

You collected 66 gold pieces.

Inventory:

Hand Weapons
 a - a +0 hand crossbow (weapon)
 b - a +0 dagger
Missiles
 d - 11 bolts (quivered)
Armour
 e - a +0 robe (worn)
Jewellery
 l - an uncursed amulet of the gourmand {unknown}
Scrolls
 m - a scroll of fog {unknown}
 n - a scroll of teleportation {unknown}
 o - a scroll of identify {unknown}
Potions
 f - a potion of lignification {unknown}
 g - a potion of degeneration {unknown}
 h - a potion of ambrosia {unknown}
 j - a potion of curing {unknown}
 k - a potion of magic {unknown}
Comestibles
 c - 3 rations
 i - 2 chunks of flesh


   Skills:
 - Level 1.1 Fighting
 + Level 4.7 Crossbows
 - Level 2.4 Dodging
 - Level 1.1 Spellcasting
 - Level 3.0 Hexes


You had 3 spell levels left.
You knew the following spells:

 Your Spells              Type           Power        Failure   Level  Hunger
a - Corona                Hex            #......      8%          1    ##.....

Your spell library contained the following spells:

 Spells                   Type           Power        Failure   Level  Hunger
 Slow                     Hex            #.......     12%         2    ###....
 Inner Flame              Hex/Fire       #.......     38%         3    ####...
 Portal Projectile        Hex/Tloc       #.....       38%         3    ####...
 Cause Fear               Hex            #.........   58%         4    #####..
 Leda's Liquefaction      Hex/Erth       #.........   80%         4    #####..


Dungeon Overview and Level Annotations

Branches:
Dungeon (2/15)

Altars:

Annotations:
D:2 Natasha


Innate Abilities, Weirdness & Mutations

You are small and have problems with some larger weapons.
You are carnivorous and can eat meat at any time.


Message History

Aiming: Corona (safe; 8% risk of failure)
Press: ? - help, Shift-Dir - straight line, f - Natasha, p - crimson imp
Aim: Natasha (heavily wounded, chance to defeat MR: 44%) Natasha is outlined in light.
The crimson imp misses you. Natasha claws you.
The crimson imp closely misses you.
Firing (i - inventory)
d - 13 bolts (quivered)
Press: ? - help, Shift-Dir - straight line, f/p - Natasha
Aim: Natasha (heavily wounded, softly glowing)
You shoot a bolt. The bolt barely misses Natasha.
Natasha stares at you and mumbles some strange words.
The magic dart hits you. The crimson imp closely misses you. Natasha claws you.
* * * LOW HITPOINT WARNING * * *
The crimson imp misses you.
Firing (i - inventory)
d - 12 bolts (quivered)
Press: ? - help, Shift-Dir - straight line, f/p - Natasha
Aim: Natasha (heavily wounded, softly glowing)
You shoot a bolt. The bolt closely misses Natasha.
Natasha casts a spell at you. The magic dart hits you!
You die...

#......# ##.###.# #####
#..###.####
.....#######.#.......#
##..>...............#
##..........##.......#
#..........##........#
###....................#
......(@...............#
......h5......##.......#
.#.?.........####.....##
###(........# .....#
#........## .....#
#..(.(.....# .....#
#............ ...
.....((..(...


You could see Natasha and a crimson imp.

Vanquished Creatures
  2 adders (D:2)
  A worm (D:2)
  2 leopard geckos
  6 bats
  4 goblins (D:1)
  2 hobgoblins
  3 kobolds (D:1)
  4 rats
24 creatures vanquished.

Notes
Turn   | Place    | Note
-------+----------+-------------------------------------------
     0 | D:1      | tilp the Kobold Arcane Marksman began the quest for the
                  | Orb.
     0 | D:1      | Reached XP level 1. HP: 12/12 MP: 2/2
   162 | D:1      | Reached skill level 3 in Crossbows
   255 | D:1      | Reached XP level 2. HP: 16/16 MP: 3/3
  1224 | D:2      | Reached skill level 4 in Crossbows
  1224 | D:2      | Reached XP level 3. HP: 20/20 MP: 4/4
  1379 | D:2      | Noticed Natasha
  1403 | D:2      | Killed from afar by Natasha

Levels and vault maps discovered:
D:1:      tarquinn_simple_flora_water_d, layout_basic, kennysheep_nondescript
D:2:      layout_rooms, lemuel_zombie_altar_yredelemnul, serial_park_tiny_1,
          minmay_misc_feat_cross, uniq_natasha

Skill      XL: |  1  2 |
---------------+-------+-----
Crossbows      | 3 4 |  4.7
Fighting       | |  1.1
Dodging        | |  2.4
Spellcasting   | |  1.1
Hexes          | |  3.0

Action                   || total
-------------------------++-------
Melee: Dagger            ||    63
 Fire: Hand crossbow     ||    31
 Cast: Corona            ||    18
 Stab: Sleeping          ||     2
  Eat: Chunk             ||    11
Armor: Robe              ||    16
Dodge: Dodged            ||    61

Table legend:
 A = Non-vault XP
 B = Vault XP
 C = Vault XP percentage of total XP
 D = Non-vault monster count
 E = Vault monster count
 F = Vault count percentage of total count
                 A         B        C        D         E       F
            +---------+---------+-------+---------+---------+-------
      Total |      66 |       0 |   0.0 |      24 |       0 |   0.0
            +---------+---------+-------+---------+---------+-------
        D:1 |      28 |       0 |   0.0 |      17 |       0 |   0.0
        D:2 |      38 |       0 |   0.0 |       7 |       0 |   0.0
            +---------+---------+-------+---------+---------+-------
